 Dungeon Crawl Stone Soup version 0.29.1-15-g9cfb28693d (webtiles) character file.

Game seed: 17062326340475685249

453 virigoth the Chopper (level 6, -2/47 HPs)
             Began as a Demonspawn Fighter on Mar 13, 2023.
             Was an Initiate of Gozag.
             Slain by an ice beast (11 damage)
             ... on level 5 of the Dungeon on Mar 14, 2023.
             The game lasted 00:14:05 (4752 turns).

virigoth the Chopper (Demonspawn Fighter)           Turns: 4752, Time: 00:14:07

Health: -2/47      AC: 19    Str: 18    XL:     6   Next: 75%
Magic:  6/6        EV:  9    Int:  9    God:    Gozag
Gold:   209        SH: 17    Dex: 15    Spells: 5/5 levels left

rFire   + . .      SeeInvis .   B - +0 rapier (speed)
rCold   . . .      Faith    .   j - +0 tower shield
rNeg    . . .      Spirit   .   G - +7 scale mail of Music {+Inv rF+}
rPois   .          Reflect  .   y - +0 helmet
rElec   +          Harm     .   A - +2 cloak of Death's Door {rElec}
rCorr   .          Rampage  .   (no gloves)
Will    .....                   x - +0 pair of boots
Stlth   ++........              (no amulet)
HPRegen 0.15/turn               k - +4 ring of evasion
MPRegen 0.10/turn               (no ring)

@: no status effects
A: claws 1, thin skeletal structure 1, condensation shield
a: Renounce Religion, Evoke Invisibility, Potion Petition, Call Merchant, Bribe
Branch


You were on level 5 of the Dungeon.
You worshipped Gozag.
Gozag was aware of your devotion.
You visited 2 branches of the dungeon, and saw 6 of its levels.

You collected 306 gold pieces.
You paid 97 gold pieces to Gozag.

Inventory:

Hand Weapons
 a - a +2 hand axe of distortion {monqy}
 v - a +0 war axe of protection
 B - a +0 rapier of speed (weapon)
Missiles
 D - 2 boomerangs of dispersal (quivered)
Armour
 c - a +0 buckler
 j - a +0 tower shield (worn)
 w - a +0 scale mail of cold resistance
 x - a +0 pair of boots (worn)
 y - a +0 helmet (worn)
 A - the +2 cloak of Death's Door (worn) {rElec}
   (You found it on level 3 of the Dungeon)

   rElec:     It insulates you from electricity.
 G - the +7 scale mail of Music (worn) {+Inv rF+}
   (You found it on level 4 of the Dungeon)

   rF:        It protects you from fire.
   +Inv:      It lets you turn invisible.
Jewellery
 k - a +4 ring of evasion (left claw)
 M - an amulet of regeneration
Wands
 I - a wand of light (6)
Scrolls
 r - a scroll of identify
 t - 2 scrolls of enchant armour
 C - a scroll of noise
 E - a scroll of fog {!r}
 L - 3 scrolls of teleportation {!r}
Potions
 d - 2 potions of might {!q}
 f - a potion of ambrosia {!q}
 z - 2 potions of cancellation
 H - a potion of mutation {unknown}
 J - a potion of attraction {unknown}
 K - a potion of resistance


   Skills:
 - Level 3.0 Fighting
 * Level 3.5 Short Blades
 - Level 4.1 Axes
 - Level 2.6 Armour
 + Level 2.5 Stealth
 - Level 3.7 Shields


You had 5 spell levels left.
You didn't know any spells.
Your spell library contained the following spells:

 Spells                   Type           Power      Damage    Failure   Level
 Beastly Appendage        Tmut           0%         N/A       100%        1
 Sublimation of Blood     Necr           0%         N/A       100%        2
 Wereblood                Tmut           0%         N/A       100%        2
 Dazzling Flash           Conj/Hex       0%         N/A       100%        3
 Inner Flame              Hex/Fire       0%         N/A       100%        3
 Ozocubu's Armour         Ice            0%         N/A       100%        3
 Spider Form              Tmut/Pois      0%         N/A       100%        3
 Cause Fear               Hex            0%         N/A       100%        4
 Agony                    Necr           0%         N/A       100%        5
 Silence                  Hex/Air        0%         N/A       100%        5
 Ozocubu's Refrigeration  Ice            0%         4d7       100%        7
 Summon Hydra             Summ           0%         N/A       100%        7
 Discord                  Hex            0%         N/A       100%        8


Dungeon Overview and Level Annotations

Branches:
Dungeon (5/15)             Temple (1/1) D:4

Altars:
Ashenzari
Dithmenos
Gozag
Makhleb
Nemelex Xobeh
Okawaru
Qazlal
Ru
Sif Muna
Trog
Uskayaw
Wu Jian
Yredelemnul

Shops:
D:1 *   D:3 =


Innate Abilities, Weirdness & Mutations

You have sharp fingernails.
You have a somewhat thin skeletal structure. (Dex +2, Stealth+)
A meltable shield of frost defends you. (SH +4)


Message History

You hit the ice beast.
The ice beast is heavily wounded.
You block the white imp's attack. You block the ice beast's attack.
You block the iguana's attack.
You hit the ice beast but do no damage.
The ice beast is heavily wounded.
The iguana bites you but does no damage.
You block the ice beast's attack.
The white imp hits you but does no damage.
You hit the ice beast but do no damage.
The ice beast is heavily wounded.
The iguana bites you but does no damage.
You block the white imp's attack. You block the ice beast's attack.
You closely miss the ice beast.
The ice beast is heavily wounded.
You block the iguana's attack. You block the white imp's attack.
The ice beast hits you but does no damage.
You closely miss the ice beast.
The ice beast is heavily wounded.
The white imp hits you but does no damage.
You block the ice beast's attack. The iguana bites you.
* * * LOW HITPOINT WARNING * * *
You closely miss the ice beast.
The ice beast is heavily wounded.
You block the iguana's attack.
The white imp hits you but does no damage.
You block the ice beast's attack.
The adder hisses angrily.
You hit the ice beast.
The ice beast is severely wounded.
You block the iguana's attack. You block the white imp's attack.
The ice beast barely misses you.
You hit the ice beast.
The ice beast is almost dead.
The iguana barely misses you. You block the white imp's attack.
The ice beast hits you.
* * * LOW HITPOINT WARNING * * *
The ice beast freezes you!
You die...
Your body crumbles into a pile of gold.

. ...# .. . ... .
###. ... . ....###.#
.## .....#..###..##.
.........#.$.... ..
#..5......# ...
#..I6.....# $
....#..l....S.#.
.........#......
.....#..###..#..
....###.....## .
###..#.......#..##
#...............#.
.....#.....#.......
$
$......##...##......
..#


You could see an ice beast, an iguana, an adder and a white imp.

Vanquished Creatures
  An ogre (D:5)
  A necrophage (D:4)
  A hound (D:5)
  A jelly (D:5)
  An iguana (D:4)
  An orc wizard (D:2)
  4 gnolls (D:5)
  5 adders
  A shadow imp (D:4)
  2 worms (D:2)
  A dart slug (D:1)
  14 orcs
  4 ball pythons
  5 endoplasms
  3 giant cockroaches
  6 goblins
  7 hobgoblins
  5 jackals
  5 quokkas
  3 bats (D:1)
  6 frilled lizards
  8 kobolds
  6 rats
91 creatures vanquished.

Vanquished Creatures (others)
  22 plants (D:1)
22 creatures vanquished.

Grand Total: 113 creatures vanquished

Notes
Turn   | Place    | Note
-------+----------+-------------------------------------------
     0 | D:1      | virigoth the Demonspawn Fighter began the quest for the
                  | Orb.
     0 | D:1      | Reached XP level 1. HP: 18/18 MP: 1/1
    24 | D:1      | Reached skill level 2 in Axes
   251 | D:1      | Gained mutation: A meltable shield of frost defends you.
                  | (SH +4) [demonic ancestry]
   251 | D:1      | Reached XP level 2. HP: 18/24 MP: 2/2
   557 | D:1      | Reached skill level 3 in Axes
   752 | D:1      | Reached XP level 3. HP: 29/29 MP: 3/3
   913 | D:1      | Found Elacoiklow's Assorted Antiques.
  1102 | D:2      | Reached XP level 4. HP: 10/35 MP: 4/4
  1449 | D:2      | Found a faded altar of an unknown god.
  1878 | D:3      | Reached skill level 4 in Axes
  1913 | D:3      | Identified the +2 cloak of Death's Door {rElec}
  2174 | D:3      | Gained mutation: You have a somewhat thin skeletal
                  | structure. (Dex +2, Stealth+) [demonic ancestry]
  2174 | D:3      | Reached XP level 5. HP: 41/41 MP: 5/5
  2446 | D:3      | Found Poas's Jewellery Shoppe.
  2708 | D:5      | Entered Level 5 of the Dungeon
  2718 | D:4      | Identified the +7 scale mail of Music {+Inv rF+}
  3159 | D:4      | Reached skill level 1 in Short Blades
  3241 | D:4      | Found a staircase to the Ecumenical Temple.
  3265 | Temple   | Entered the Ecumenical Temple
  3560 | Temple   | Became a worshipper of Gozag Ym Sagoz the Greedy
  3656 | D:4      | Reached skill level 1 in Stealth
  4182 | D:4      | Gained mutation: You have sharp fingernails. [demonic
                  | ancestry]
  4182 | D:4      | Reached XP level 6. HP: 47/47 MP: 6/6
  4723 | D:5      | Noticed an ice beast
  4752 | D:5      | Slain by an ice beast

Illustrated notes

Levels and vault maps discovered:
D:1:      nzn_arrival_water_spiral, layout_basic, serial_shops,
          nicolae_shop_behind_doors, serial_bayou_lagoon_a,
          minmay_indecisive_spiral
D:2:      layout_rooms, shapermc_ecumenical_altar_mp_highgroup, st_stairs_7,
          amcnicky_mini_rare_corridor_liquid, minmay_misc_feat_iff
D:3:      layout_loops_ring, serial_shops, nicolae_shop_trees,
          serial_park_tiny_1
D:4:      layout_basic, minmay_temple_entry_wispy, serial_co_window_serial,
          co_window_corner_a, co_window_corner_a, co_window_corner_a,
          co_window_corner_a, co_window_of_opportunity_a,
          co_window_of_opportunity_a, co_window_unsneaky_path_e,
          co_window_corner_cb, co_window_paths_c, co_window_corner_ca,
          co_window_corner_cb, co_window_unsneaky_path_b
D:5:      nicolae_cairo_tiling_large_dashed, layout_basic, grunt_ministairs_6,
          minmay_bent, uniq_pikel
Temple:   minmay_temple_bridge_d

Skill      XL: |  1  2  3  4  5  6 |
---------------+-------------------+-----
Axes           | 2 3 4 |  4.1
Shields        | 3 |  3.7
Short Blades   | 2 3 |  3.5
Stealth        | 1 2 |  2.5
Fighting       | |  3.0
Armour         | |  2.6

Action                   |  1- 3 |  4- 6 || total
-------------------------+-------+-------++-------
Melee: War axe           |    51 |       ||    51
       Hand axe          |    23 |    77 ||   100
       Rapier            |       |   194 ||   194
  Use: Scroll            |     4 |     6 ||    10
       Potion            |       |     4 ||     4
Armor: Scale mail        |    26 |    61 ||    87
Dodge: Dodged            |    29 |    66 ||    95
Block: Buckler           |     7 |       ||     7
       Tower shield      |    28 |   255 ||   283
